 Dungeon Crawl Stone Soup version 0.31-a0-152-g6aa68a64a1 (webtiles) character file.

Game seed: 8352049511329508215

35 Deathsdoor1305 the Grave Robber (level 3, -4/24 HPs)
             Began as a Mummy Necromancer on June 11, 2023.
             Slain by Terence
             ... wielding a +0 mace
              (6 damage)
             ... on level 1 of the Dungeon.
             The game lasted 00:06:44 (840 turns).

Deathsdoor1305 the Grave Robber (Mummy Necromancer)  Turns: 840, Time: 00:06:45

Health: -4/24      AC:  2    Str: 11    XL:     3   Next: 16%
Magic:  1/7        EV: 12    Int: 16    God:
Gold:   30         SH:  0    Dex: 12    Spells: 7/8 levels left

rFire   x . .        e - staff of cold
rCold   + + .        (no shield)
rNeg    + + +        a - +0 robe
rPois   ∞            (no helmet)
rElec   .            (no cloak)
rCorr   .            (no gloves)
SInv    .            (no boots)
Will    .....        (no amulet)
Stlth   ++           (no ring)
HPRegen 0.24/turn    (no ring)
MPRegen 0.10/turn

%: faith
@: no status effects
A: cold resistance 1, negative energy resistance 3, torment resistance 2, heat
vulnerability 1, in touch with death 1, no potions, faith
a: no special abilities


You were on level 1 of the Dungeon.
You visited 1 branch of the dungeon, and saw 2 of its levels.

You collected 30 gold pieces.

Inventory:

Armour
 a - a +0 robe (worn)
 c - a +0 robe
Magical Staves
 e - a staff of cold (weapon)
Jewellery
 f - a +6 ring of intelligence
Scrolls
 b - a scroll of blinking {unknown}
 d - a scroll of amnesia {unknown}
Potions
 g - a potion of heal wounds


   Skills:
 - Level 1.6 Dodging
 - Level 1.5 Stealth
 - Level 0.2 Unarmed Combat
 + Level 3.0 Spellcasting
 * Level 4.9 Necromancy


You had 7 spell levels left.
You knew the following spells:

 Your Spells              Type           Power      Damage    Failure   Level
a - Necrotise             Necr           100%       1d9       2%          1

Your spell library contained the following spells:

 Spells                   Type           Power      Damage    Failure   Level
 Vampiric Draining        Necr           27%        2d7       8%          3
 Animate Dead             Necr           27%        N/A       26%         4
 Tukima's Dance           Hex            2%         N/A       50%         3
 Agony                    Necr           27%        N/A       56%         5
 Passage of Golubria      Tloc           2%         N/A       88%         4
 Yara's Violent Unravell  Hex/Tmut       1%         3d3       99%         5


Dungeon Overview and Level Annotations

Branches:
Dungeon (2/15)

Altars:

Annotations:
D:1 Terence


Innate Abilities, Weirdness & Mutations

You are immune to poison.
Your flesh is cold resistant. (rC+)
You are immune to negative energy. (rN+++)
You are immune to unholy pain and torment.
You are vulnerable to heat. (rF-)
You are in touch with the powers of death.
You do not drink.
You have a special connection with the divine. (Faith)


Message History

Terence hits your jackal skeleton with a +0 mace!
Your jackal skeleton is destroyed!
You see here a jackal corpse.
You feel a surge of power!
Terence writhes in agony.
You are out of magic!
You feel a surge of power!
Terence writhes in agony!
Found 17 gold pieces.
Terence drinks a potion.
Terence is healed!
Found a stone staircase leading up.
Terence asks, "Do you want it fast or slow?"
You feel a surge of power!
Terence writhes in agony!
Terence is nearby!
You feel a surge of power!
Terence writhes in agony.
You hit Terence.
Terence is heavily wounded.
Terence hits you with a +0 mace.
You hit Terence.
Terence is severely wounded.
Terence hits you with a +0 mace!
You hit Terence.
Terence is almost dead.
Terence barely misses you.
You hit Terence.
Terence is almost dead.
Terence says, "How do you enjoy it?" Terence hits you with a +0 mace.
Terence misses you.
You hit Terence but do no damage.
Terence is almost dead.
Terence hits you with a +0 mace!
* * * LOW HITPOINT WARNING * * *
Terence barely misses you. Terence attacks as you move away!
Terence hits you with a +0 mace.
* * * LOW HITPOINT WARNING * * *
There is a stone staircase leading up here.
Terence hits you with a +0 mace.
* * * LOW HITPOINT WARNING * * *
You climb upwards.
There is a stone staircase leading down here.
Terence attacks as you move away! Terence hits you with a +0 mace.
You die...

.....).................######.###
...........#.####...........#.###
........####.# #.............#..
######### #.# #.........#.###.# #
######.## #)........#.##...
#######.......# #.........###....
......#.....#.###.##.......#.....
##..........#....................
.#...##.....####@..#..#..........
.###.##.....####.@...##..........
...#.##..........................
.8.+.##.###......................
...#.##.# #.).............####...
.###.##.# #..............## ##..
.#...#..# #.).....#......# #..
##...#.## #.......##.....# #..
.......# ####....#......## ##..


You could see Terence.

Vanquished Creatures
  An adder (D:2)
  A ball python (D:1)
  An endoplasm (D:1)
  A giant cockroach (D:1)
  5 jackals
  3 kobolds (D:1)
  A quokka (D:1)
  2 bats
  2 frilled lizards
  A rat (D:1)
18 creatures vanquished.

Vanquished Creatures (collateral kills)
  A goblin (D:1)
  A hobgoblin (D:1)
  A jackal (D:1)
  A quokka (D:1)
4 creatures vanquished.

Grand Total: 22 creatures vanquished

Notes
Turn   | Place    | Note
-------+----------+-------------------------------------------
     0 | D:1      | Deathsdoor1305 the Mummy Necromancer began the quest for
                  | the Orb.
     0 | D:1      | Reached XP level 1. HP: 13/13 MP: 4/4
   178 | D:1      | Reached XP level 2. HP: 19/19 MP: 2/5
   754 | D:2      | Gained mutation: You are in touch with the powers of death.
                  | [Mummy growth]
   754 | D:2      | Reached XP level 3. HP: 24/24 MP: 1/7
   798 | D:2      | Noticed Terence
   835 | D:2      | HP: 1/24 [Terence/+0 mace (4)]
   840 | D:1      | Slain by Terence

Illustrated notes

Levels and vault maps discovered:
D:1:      dpeg_arrival_simpleton_c, layout_basic, kennysheep_decorative_pillar
D:2:      minmay_inner_zag, layout_basic, basic_altar,
          corexii_item_surrounded_by_moat, minmay_misc_feat_plants, uniq_terence

Skill      XL: |  1  2  3 |
---------------+----------+-----
Spellcasting   | 3 |  3.0
Dodging        | |  1.6
Stealth        | |  1.5
Unarmed Combat | |  0.2
Necromancy     | |  4.9

Action                     || total
---------------------------++-------
  Melee: Unarmed           ||    24
         Staff             ||    16
   Cast: Necrotise         ||    38
 Armour: Robe              ||     7
  Dodge: Dodged            ||    30

Table legend: (Time is in decaauts)
 A = Elapsed time spent in this place.
 B = Non-inter-level travel time spent in this place.
 C = Inter-level travel time spent in this place.
 D = Time resting spent in this place.
 E = Time spent auto-exploring this place.
 F = Levels seen in this place.
 G = Mean time per level.
                   A        B        C        D        E       F      G
               +--------+--------+--------+--------+--------+-----+--------+
         Total |    842 |    621 |    221 |      0 |    383 |   2 |  421.0 |
       Dungeon |    842 |    621 |    221 |      0 |    383 |   2 |  421.0 |
               +--------+--------+--------+--------+--------+-----+--------+

Top non-repeatable levels by time:
     D:1: 744 daAuts
     D:2: 98 daAuts
